Map: Ulrena

Players

Enoughtoast

  • Race: Protoss Protoss
  • League: Master

Worming - Winner!

  • Race: Zerg Zerg
  • League: Diamond

VOD

Have the link to the VOD?

Description

Time

  • Played on: May 21, 2016, 4:55 a.m.
  • Length: 14:28
Show
View Real Time Build Order
Export as new Build Order

Enoughtoast Protoss 

Build Orders: 1 Gate Expand, Phoenix Opening 

Get SALT Encoding   

  12  0:01  Probe (Chrono Boost)  
  13  0:11  Probe (Chrono Boost)  
  14  0:18  Pylon  
  14  0:22  Probe (Chrono Boost)  
  15  0:36  Probe (Chrono Boost)  
  15  0:37  Gateway  
  16  0:46  Probe (Chrono Boost)  
  17  0:51  Assimilator  
  18  0:57  Probe (Chrono Boost)  
  18  1:07  Probe (Chrono Boost)  
  19  1:21  Probe (Chrono Boost)  
  20  1:27  Nexus  
  21  1:37  Cybernetics Core  
  21  1:38  Probe (Chrono Boost)  
  21  1:42  Assimilator  
  21  1:49  Probe (Chrono Boost)  
  21  1:54  Pylon  
  22  1:59  Probe (Chrono Boost)  
  23  2:12  Probe (Chrono Boost)  
  23  2:14  Adept (Chrono Boost)  
  23  2:15  Warp Gate (Chrono Boost)  
  26  2:24  Probe  
  27  2:35  Stargate  
  27  2:36  Probe  
  28  2:44  Stalker (Chrono Boost)  
  30  2:45  Probe  
  30  2:48  Probe  
  32  2:55  Probe  
  32  2:56  Gateway  
  33  3:00  Probe  
  33  3:05  Mothership Core  
  36  3:13  Probe  
  37  3:21  Phoenix (Chrono Boost)  
  37  3:24  Probe  
  37  3:25  Probe  
  40  3:31  Pylon  
  40  3:34  Pylon  
  40  3:35  Probe  
  40  3:38  Probe, Adept  
  44  3:43  Gateway  
  44  3:47  Phoenix (Chrono Boost)  
  46  3:50  Probe  
  46  3:52  Probe  
  48  3:57  Pylon  
  48  4:01  Probe  
  48  4:04  Probe  
  48  4:05  Pylon  
  50  4:11  Probe  
  50  4:12  Phoenix (Chrono Boost)  
  53  4:22  Probe  
  54  4:29  Probe, Assimilator  
  55  4:33  Assimilator  
  55  4:38  Robotics Facility  
  55  4:39  Adept x3  
  55  4:42  Probe  
  55  4:43  Probe  
  63  4:55  Probe  
  64  5:00  Probe  
  64  5:06  Nexus  
  65  5:07  Probe  
  65  5:10  Pylon  
  65  5:13  Oracle (Chrono Boost)  
  69  5:15  Probe  
  70  5:21  Pylon  
  70  5:28  Probe, Observer  
  72  5:30  Pylon  
  72  5:32  Twilight Council  
  72  5:34  Gateway  
  72  5:37  Gateway  
  72  5:46  Probe  
  72  5:47  Probe  
  74  5:53  Pylon  
  74  6:01  Zealot  
  74  6:02  Zealot x2  
  79  6:13  Immortal  
  77  6:24  Stalker x2  
  77  6:25  Stalker  
  79  6:38  Charge (Chrono Boost)  
  79  6:43  Robotics Facility  
  79  6:48  Forge  
  79  6:52  Pylon  
  79  6:59  Immortal  
  83  7:02  Probe  
  83  7:03  Probe  
  83  7:06  Gateway x2  
  85  7:09  Gateway  
  85  7:16  Protoss Ground Weapons Level 1  
  81  7:23  Zealot x3  
  81  7:24  Zealot x2  
  91  7:34  Immortal  
  95  7:53  Pylon  
  95  7:56  Zealot  
  95  7:57  Zealot x4  
  105  8:03  Immortal  
  105  8:05  Probe, Templar Archives  
  109  8:06  Probe x2, Dark Shrine  
  109  8:12  Pylon  
  112  8:13  Immortal  
  112  8:18  Probe  
  117  8:33  Zealot x4  
  117  8:34  Zealot  
  127  8:42  Immortal  
  129  8:49  Pylon  
  129  8:50  Pylon  
  129  8:55  High Templar x2  
  133  8:59  Pylon  
  133  9:01  Pylon  
  133  9:02  Assimilator  
  133  9:05  Assimilator, Pylon  
  133  9:08  Pylon  
  127  9:12  Archon  
  127  9:15  High Templar  
  127  9:16  High Templar  
  127  9:21  Pylon  
  127  9:24  Dark Templar  
  127  9:25  Dark Templar  
  127  9:29  Archon  
  131  9:31  High Templar x2  
  134  9:53  Probe x2  
  136  10:02  Oracle  
  136  10:05  Archon  
  136  10:06  Nexus  
  139  10:08  High Templar x2  
  139  10:09  Zealot x5, Pylon  
  139  10:10  Zealot, Pylon  
  139  10:12  Archon  
  151  10:17  Immortal  
  112  10:45  Immortal  
  112  10:47  Zealot  
  112  10:48  Zealot x3  
  116  10:56  Immortal  
  116  10:58  High Templar x2  
  116  10:59  High Templar x2  
  116  11:03  Photon Cannon  
  111  11:13  Archon  
  111  11:14  Archon  
  103  11:19  Zealot x2  
  103  11:20  Zealot x2  
  107  11:31  Immortal (Chrono Boost)  
  107  11:35  Zealot x2  
  107  11:36  Zealot x2  
  109  11:43  Blink (Chrono Boost)  
  109  11:44  Dark Templar  
  111  11:49  Warp Prism (Chrono Boost)  
  111  11:51  Protoss Ground Weapons Level 2 (Chrono Boost)  
  113  11:56  Probe x2  
  115  12:02  Photon Cannon, Probe  
  115  12:03  Probe  
  117  12:14  Zealot  
  117  12:15  Zealot x2  
  121  12:19  High Templar x2  
  125  12:25  Psionic Storm  
  123  12:36  Archon  
  117  12:38  High Templar x2  
  117  12:42  Zealot x4  
  119  12:53  Zealot x2  
  113  13:16  Nexus  
  111  13:22  High Templar  
  111  13:23  High Templar  
  111  13:26  High Templar x2  
  119  13:27  High Templar x2  
  119  13:32  Photon Cannon  
  123  13:34  Dark Templar  
  123  13:35  Zealot  
  127  13:41  Archon x2  
  127  13:46  Immortal x2  
  135  14:00  Zealot x2  
  135  14:12  High Templar  
  135  14:13  High Templar  
  135  14:21  Zealot x6  
Show
View Real Time Build Order
Export as new Build Order

Worming Zerg - Winner!

Build Orders: Hatch First, Lurkers 

Get SALT Encoding   

  12  0:04  Drone  
  13  0:12  Overlord  
  13  0:18  Drone  
  14  0:30  Drone x2  
  16  0:38  Drone  
  17  0:55  Hatchery  
  17  0:56  Drone  
  17  1:04  Drone  
  18  1:20  Extractor  
  18  1:21  Spawning Pool  
  18  1:24  Drone  
  17  1:40  Drone x2  
  17  1:46  Overlord  
  19  1:57  Drone  
  20  2:08  Queen x2  
  20  2:09  Zergling x4  
  20  2:14  Drone  
  27  2:23  Metabolic Boost  
  27  2:28  Overlord  
  27  2:32  Drone x2  
  29  2:40  Drone x2  
  31  2:55  Drone x2  
  32  2:58  Roach Warren  
  32  2:59  Drone  
  32  3:04  Overlord  
  32  3:08  Zergling x2  
  32  3:12  Queen  
  35  3:24  Drone x6  
  41  3:29  Spore Crawler  
  41  3:32  Spore Crawler  
  39  3:47  Hatchery  
  38  3:58  Queen  
  38  3:59  Overlord x2  
  40  4:03  Overlord  
  40  4:07  Extractor  
  40  4:09  Extractor  
  38  4:24  Drone x3  
  40  4:26  Drone x6  
  40  4:28  Drone  
  40  4:30  Drone  
  49  4:57  Roach x5  
  49  4:58  Lair  
  59  5:01  Overlord x2  
  59  5:03  Evolution Chamber  
  59  5:04  Drone x2  
  59  5:17  Roach x3  
  64  5:27  Drone x2  
  64  5:28  Drone x3  
  69  5:30  Ravager  
  69  5:31  Ravager x2  
  69  5:34  Zerg Missile Weapons Level 1  
  72  5:36  Drone  
  72  5:38  Spore Crawler  
  72  5:49  Drone  
  73  5:57  Glial Reconstitution  
  73  5:59  Overlord x3  
  73  6:17  Overlord x4  
  66  6:30  Roach x11  
  86  6:33  Roach  
  82  6:40  Roach x4  
  82  6:46  Roach x5  
  96  6:58  Ravager  
  97  7:02  Zergling x6  
  97  7:07  Drone x3  
  103  7:20  Hatchery  
  102  7:26  Ravager x3  
  105  7:37  Drone x3  
  108  7:38  Drone x3  
  108  7:41  Zerg Missile Weapons Level 2  
  108  7:44  Overlord x3, Extractor  
  110  7:47  Extractor  
  106  8:07  Drone x11  
  117  8:15  Drone  
  118  8:24  Roach x3  
  124  8:30  Extractor  
  124  8:32  Overlord  
  124  8:33  Zergling x6, Hydralisk Den  
  124  8:57  Drone x3  
  124  8:58  Drone x2  
  124  9:00  Zergling x2  
  124  9:01  Zergling x14  
  134  9:07  Drone x3  
  131  9:12  Overlord  
  131  9:13  Overlord, Spine Crawler  
  130  9:18  Hydralisk x2  
  130  9:23  Hydralisk  
  130  9:24  Hydralisk x4  
  136  9:28  Muscular Augments  
  144  9:37  Ravager  
  144  9:38  Ravager x6  
  149  9:50  Overlord x3  
  146  9:53  Drone x6  
  146  9:54  Overseer  
  146  9:56  Overseer  
  146  9:57  Hydralisk  
  146  9:58  Roach x2  
  154  10:01  Drone x2  
  152  10:08  Drone x2  
  152  10:10  Queen x2  
  152  10:13  Hydralisk x3  
  164  10:17  Overseer, Pneumatized Carapace  
  140  10:37  Hydralisk  
  140  10:38  Hydralisk x3  
  140  10:39  Zergling x8, Roach  
  127  10:47  Zergling x22  
  120  10:54  Overseer  
  113  11:04  Hydralisk x3  
  113  11:05  Zergling x16  
  114  11:12  Roach  
  114  11:13  Roach x2  
  114  11:18  Hydralisk x2  
  113  11:21  Queen x2  
  116  11:37  Roach x2, Hydralisk x3  
  116  11:38  Roach x2  
  121  11:41  Lurker Den  
  121  11:43  Ravager x3  
  124  11:48  Drone x3, Extractor  
  124  11:53  Roach  
  124  11:54  Zergling x12, Roach x4  
  134  12:00  Hatchery  
  141  12:07  Zergling x2  
  141  12:08  Zergling x2  
  143  12:12  Overseer  
  141  12:18  Overlord  
  141  12:21  Zerg Ground Armor Level 1  
  141  12:24  Infestation Pit  
  141  12:25  Extractor  
  137  12:36  Roach x2  
  137  12:37  Roach x5  
  132  12:54  Hydralisk x5  
  132  12:55  Zergling x16, Roach  
  132  12:56  Roach x4  
  152  13:14  Overlord x3  
  152  13:15  Hydralisk x2  
  152  13:16  Roach x3  
  162  13:20  Ravager  
  162  13:21  Ravager, Hatchery  
  163  13:29  Lurker x5  
  163  13:32  Zergling x6, Roach x4  
  163  13:33  Overlord  
Tags
 
Add a new tag
Caveats
  • Supply blocks, unpowered buildings, or Contaminate may cause inaccurate times.
  • Supply counts are checked every 10 seconds.